 Dungeon Crawl Stone Soup version 0.31-a0-765-g67fe2935dc (webtiles) character file.

Game seed: 11046887059724690215

2197 ryw the Grappler (level 9, -1/82 (88) HPs)
             Began as a Troll Fighter on Sept 15, 2023.
             Shot with a sling bullet by Joseph (17 damage)
             ... on level 6 of the Dungeon.
             The game lasted 00:11:31 (5480 turns).

ryw the Grappler (Troll Fighter)                    Turns: 5480, Time: 00:11:32

HP:   -1/82 (88)    AC:  6    Str: 30    XL:     9   Next: 12%
MP:   8/8           EV:  9    Int:  4    God:
Gold: 348           SH:  7    Dex:  9    Spells: 8/8 levels left

rFire   . .          .
                       - Unarmed
rCold   + . .        b - +0 kite shield
rNeg    . . .        a - +0 robe
rPois   +            A - +1 hat
rElec   .            c - +0 cloak
rCorr   .            (gloves unavailable)
SInv    .            (boots unavailable)
Will    .....        (no amulet)
Stlth   +            p - ring of poison resistance
HPRegen 1.13/turn    v - ring of protection from cold
MPRegen 0.11/turn

%: no passive effects
@: drained
A: large, unfitting armour, claws 3, regeneration 1, shaggy fur 1, tough skin 1
a: no special abilities


You were on level 6 of the Dungeon.
You visited 2 branches of the dungeon, and saw 8 of its levels.
You also visited: Sewer.

You collected 348 gold pieces.

Inventory:

Missiles
 d - 30 poisoned darts
 g - 8 boomerangs (quivered)
 o - 2 throwing nets
Armour
 a - a +0 robe (worn)
 b - a +0 kite shield (worn)
 c - a +0 cloak (worn)
 A - a +1 hat (worn)
Jewellery
 n - a ring of resist corrosion
 p - a ring of poison resistance (left claw)
 v - a ring of protection from cold (right claw)
Wands
 s - a wand of flame (7)
Scrolls
 f - a scroll of revelation
 h - 4 scrolls of teleportation
 m - a scroll of fog
 q - a scroll of identify
 r - 3 scrolls of noise
 x - a scroll of torment
Potions
 e - a potion of brilliance
 i - 2 potions of mutation
 j - 3 potions of heal wounds
 k - a potion of attraction
 l - 5 potions of curing
 t - a potion of invisibility
 u - 2 potions of cancellation
 w - 3 potions of haste
 z - 2 potions of degeneration
 B - 2 potions of ambrosia {unknown}


   Skills:
 + Level 5.6 Fighting
 + Level 4.6 Throwing
 - Level 3.0 Dodging
 - Level 3.0 Shields
 * Level 8.9 Unarmed Combat


You had 8 spell levels left.
You didn't know any spells.
Your spell library contained the following spells:

 Spells                   Type           Power      Damage    Failure   Level
 Sublimation of Blood     Necr           0%         N/A       86%         2
 Olgreb's Toxic Radiance  Pois           0%         N/A       100%        4
 Petrify                  Tmut/Erth      0%         N/A       100%        4
 Summon Ice Beast         Ice/Summ       0%         N/A       100%        4
 Irradiate                Conj/Tmut      0%         3d11      100%        5
 Summon Mana Viper        Hex/Summ       0%         N/A       100%        5
 Monstrous Menagerie      Summ           0%         N/A       100%        7
 Discord                  Hex            0%         N/A       100%        8
 Ignition                 Fire           0%         3d3       100%        8


Dungeon Overview and Level Annotations

Branches:
Dungeon (7/15)             Temple (1/1) D:4           Sewer (visited)

Altars:
Ashenzari
Cheibriados
Dithmenos
Elyvilon
Fedhas
Gozag
Hepliaklqana
Kikubaaqudgha
Makhleb
Qazlal
Ru
Sif Muna
Trog
Uskayaw
Xom
Yredelemnul
Zin
The Shining One

Shops:
D:1 (

Annotations:
D:6 Joseph


Innate Abilities, Weirdness & Mutations

You are too large for most types of armour.
You have claws for hands.
Your natural rate of healing is unusually fast.
You are covered in fur. (AC +1)
You have tough skin. (AC +1)


Message History

The orc warrior hits you with a +0 short sword!
You mangle the orc warrior!!
You kill the orc warrior!
You start resting.
HP restored.
You climb downwards.
You hear the roar of battle.
There is an entrance to a bailey on this level.
Hurry and find it before the portal closes forever!
Level annotation: Joseph The orc shouts!
The wight hits you with a +0 great sword.
You feel drained.
Joseph unwields a +0 sling.
Joseph wields a +0 spectral quarterstaff.
You block Joseph's attack.
The +0 spectral quarterstaff closely misses you.
The wight hits you with a +0 great sword!
You feel drained.
A +0 spectral quarterstaff comes into view.
There is a stone staircase leading up, spattered with blood here.
Joseph hits you with a +0 spectral quarterstaff.
The +0 spectral quarterstaff hits you! You block the wight's attack.
The orc hits you with a +0 dagger.
You climb upwards.
The +0 spectral quarterstaff disappears.
There is a stone staircase leading down here.
Joseph unwields a +0 spectral quarterstaff.
Joseph wields a +0 sling.
Joseph shoots a sling bullet.
The sling bullet hits you!! The wight hits you but does no damage.
You block the orc's attack.
Joseph shoots a sling bullet.
You block the sling bullet.
The wight hits you with a +0 great sword!
The orc attacks as it pursues you! You block the orc's attack.
The wight attacks as it pursues you! The wight closely misses you.
The wight attacks as it pursues you!
The wight hits you with a +0 great sword!
* * * LOW HITPOINT WARNING * * *
You feel drained.
* * * LOW HITPOINT WARNING * * *
Joseph shoots a sling bullet.
The sling bullet hits you!
You die...

#..)#[.........#...#...#
#########รท<............[.#######
#........##...###.####>.#....#
#........##.....#..###.......#
#........###....##..##.##....#
#........# ###.).....@..#....#
#........# #..........#....#
.........# #.....o....###.##
.........#####..@.z.....# #.#
#.............<.........###.#
#........#####............#.##
#........# #...............#
##.####### #..........#...[# #..#
##########......# #.## ##.....#
..# ####....##### ######
#............


You could see Joseph, a wight and an orc.

Vanquished Creatures
  Grinder (D:6)
  An orc warrior (D:6)
  2 black bears (D:6)
  Pargi (Sewer)
  The ghost of miscthings the Thrower, an amateur GnWn (D:3)
  A centaur (D:6)
  2 phantoms
  2 kobold brigands
  A bullfrog (D:6)
  3 scorpions
  5 wights (D:6)
  A howler monkey (D:5)
  2 jellies (D:5)
  An orc priest (D:3)
  Crazy Yiuf (D:2)
  A gnoll bouda (D:4)
  Jessica (D:2)
  3 iguanas
  2 orc wizards (D:5)
  11 gnolls
  11 adders
  A shadow imp (D:5)
  2 ufetubi (D:5)
  3 worms (D:3)
  3 dart slugs (D:1)
  18 orcs
  2 bats
  6 endoplasms
  4 giant cockroaches
  5 goblins
  8 hobgoblins
  3 jackals (D:1)
  5 quokkas
  10 ball pythons
  10 frilled lizards
  15 kobolds
  6 rats
155 creatures vanquished.

Notes
Turn   | Place    | Note
-------+----------+-------------------------------------------
     0 | D:1      | ryw the Troll Fighter began the quest for the Orb.
     0 | D:1      | Reached XP level 1. HP: 22/22 MP: 0/0
    18 | D:1      | Reached XP level 2. HP: 29/29 MP: 1/1
   119 | D:1      | Found Luozuen's Antique Weapon Emporium.
   461 | D:1      | Reached XP level 3. HP: 36/36 MP: 2/2
   994 | D:2      | Found a runed translucent door.
   995 | D:2      | Noticed Crazy Yiuf
  1002 | D:2      | Killed Crazy Yiuf
  1003 | D:2      | Reached skill level 3 in Unarmed Combat
  1003 | D:2      | Reached XP level 4. HP: 27/44 MP: 3/3
  1460 | D:2      | Noticed Jessica
  1466 | D:2      | Killed Jessica
  1467 | D:2      | Reached skill level 4 in Unarmed Combat
  1467 | D:2      | Reached XP level 5. HP: 53/53 MP: 4/4
  1811 | D:3      | Found a runed translucent gate.
  1811 | D:3      | Found a runed translucent gate.
  1812 | D:3      | Found a runed translucent gate.
  1812 | D:3      | Noticed miscthings's ghost (amateur GnWn)
  2223 | D:3      | Found a glowing drain.
  2227 | Sewer    | Entered a sewer
  2284 | Sewer    | Noticed Pargi
  2289 | Sewer    | Killed Pargi
  2290 | Sewer    | Reached skill level 1 in Throwing
  2290 | Sewer    | Reached XP level 6. HP: 57/61 MP: 5/5
  2636 | D:3      | Reached skill level 5 in Unarmed Combat
  3137 | D:4      | Reached XP level 7. HP: 68/68 MP: 6/6
  3178 | D:4      | Found a white marble altar of Elyvilon.
  3178 | D:4      | Found a glowing silver altar of Zin.
  3245 | D:4      | Reached skill level 6 in Unarmed Combat
  3303 | D:4      | Found a staircase to the Ecumenical Temple.
  3372 | Temple   | Entered the Ecumenical Temple
  3576 | D:4      | Found a glowing golden altar of the Shining One.
  3662 | D:5      | Entered Level 5 of the Dungeon
  3834 | D:5      | Found a stormy altar of Qazlal.
  4543 | D:6      | Reached skill level 7 in Unarmed Combat
  4543 | D:6      | Reached XP level 8. HP: 69/79 MP: 7/7
  4843 | D:6      | Reached skill level 5 in Fighting
  4879 | D:6      | Noticed Grinder
  4879 | D:6      | Paralysed by Grinder for 4 turns
  4894 | D:6      | Killed Grinder
  4895 | D:6      | Reached skill level 8 in Unarmed Combat
  5115 | D:7      | Noticed Joseph
  5330 | D:3      | Reached XP level 9. HP: 81/88 MP: 8/8
  5333 | D:3      | Killed miscthings's ghost
  5480 | D:6      | Shot with a sling bullet by Joseph

Illustrated notes

Levels and vault maps discovered:
D:1:      nicolae_arrival_memento_mori, layout_basic, serial_shops,
          nicolae_shop_tiny_real_fake_doors
D:2:      layout_basic, uniq_jessica, uniq_crazy_yiuf_cottage
D:3:      layout_basic, gup_sewer_entry_spiral, gammafunk_ghost_nasty_kobolds,
          nicolae_concentric_dashed_squares_wild, chequers_garden
D:4:      layout_cave_pools, dreamdust_divine_triumvirate,
          minmay_temple_entry_grid, hangedman_feature_mirror,
          lexackson_kobold_supper
D:5:      wad_crossroads, layout_basic, lemuel_round_altar
D:6:      layout_rooms, uniq_grinder
D:7:      layout_rooms, gammafunk_ghost_berserking_beasts, enter_bailey_2,
          uniq_joseph
Temple:   eino_temple_water

Skill      XL: |  1  2  3  4  5  6  7  8 |
---------------+-------------------------+-----
Shields        | 3 |  3.0
Unarmed Combat | 3 4 5 7 8 |  8.9
Dodging        | 3 |  3.0
Fighting       | 3 4 5 |  5.6
Throwing       | 1 3 4 |  4.6

Action                     |  1- 3 |  4- 6 |  7- 9 || total
---------------------------+-------+-------+-------++-------
  Melee: Unarmed           |    78 |   181 |   170 ||   429
  Throw: Dart              |       |     3 |       ||     3
         Boomerang         |       |     4 |    13 ||    17
    Use: Potion            |     1 |       |     1 ||     2
         Scroll            |       |    12 |     7 ||    19
   Stab: Sleeping          |     1 |       |     1 ||     2
 Armour: Robe              |    34 |    93 |   140 ||   267
  Dodge: Dodged            |    17 |    57 |    76 ||   150
  Block: Kite shield       |    23 |    56 |    78 ||   157

Table legend: (Time is in decaauts)
 A = Elapsed time spent in this place.
 B = Non-inter-level travel time spent in this place.
 C = Inter-level travel time spent in this place.
 D = Time resting spent in this place.
 E = Time spent auto-exploring this place.
 F = Levels seen in this place.
 G = Mean time per level.
                   A        B        C        D        E       F      G
               +--------+--------+--------+--------+--------+-----+--------+
         Total |   5508 |   5031 |    477 |    199 |   3674 |   9 |  612.0 |
       Dungeon |   5293 |   4816 |    477 |    193 |   3561 |   7 |  756.1 |
        Temple |      1 |      1 |      0 |      0 |      0 |   1 |    1.0 |
         Sewer |    213 |    213 |      0 |      6 |    113 |   1 |  213.0 |
               +--------+--------+--------+--------+--------+-----+--------+

Top non-repeatable levels by time:
     D:3: 1171 daAuts
     D:5: 1036 daAuts
     D:1: 961 daAuts
     D:2: 901 daAuts
     D:4: 670 daAuts
     D:6: 534 daAuts
   Sewer: 213 daAuts
     D:7: 17 daAuts
  Temple: 1 daAuts
